 Dungeon Crawl Stone Soup version 0.28.0 (webtiles) character file.

Game seed: 10345485967841453382

17 zeram the Stinger (level 2, -1/17 HPs)
             Began as an Octopode Wanderer on Feb 14, 2022.
             Slain by a jackal (2 damage)
             ... on level 1 of the Dungeon.
             The game lasted 00:00:49 (747 turns).

zeram the Stinger (Octopode Wanderer)                Turns: 747, Time: 00:00:49

Health: -1/17      AC:  1    Str:  8    XL:     2   Next: 62%
Magic:  3/3        EV: 12    Int: 16    God:
Gold:   23         SH:  0    Dex: 12    Spells: 3/3 levels left

rFire   . . .      SeeInvis .   a - +0 dagger
rCold   . . .      Faith    .   (no shield)
rNeg    . . .      Spirit   .   b - +0 hat
rPois   .          Reflect  .   (no amulet)
rElec   .          Harm     .   (no ring)
rCorr   .          Rampage  .   (no ring)
Will    .....                   (no ring)
Stlth   +++.......              (no ring)
HPRegen 0.05/turn               (no ring)
MPRegen 0.08/turn               (no ring)
                                (no ring)
                                (no ring)

@: attractive
A: almost no armour, amphibious, 8 rings, camouflage 1, gelatinous body 1,
(nimble swimmer 1), tentacles
a: no special abilities


You were on level 1 of the Dungeon.
You visited 1 branch of the dungeon, and saw 1 of its levels.

You collected 23 gold pieces.

Inventory:

Hand Weapons
 a - a +0 dagger (weapon)
Armour
 b - a +0 hat (worn)
Scrolls
 d - a scroll of identify
 e - a scroll of teleportation {unknown}


   Skills:
 + Level 1.3 Stealth
 + Level 1.0 Spellcasting
 + Level 2.0 Translocations
 + Level 6.7 Poison Magic
 + Level 1.1 Evocations


You had 3 spell levels left.
You didn't know any spells.
Your spell library contained the following spells:

 Spells                   Type           Power      Damage    Failure   Level
 Sting                    Tmut/Pois      44%        1d5       6%          1
 Poisonous Vapours        Pois/Air       22%        N/A       9%          2
 Apportation              Tloc           14%        N/A       10%         1
 Gell's Gravitas          Tloc           7%         N/A       30%         3
 Olgreb's Toxic Radiance  Pois           22%        N/A       14%         4


Dungeon Overview and Level Annotations

Branches:
Dungeon (1/15)

Altars:


Innate Abilities, Weirdness & Mutations

You cannot wear most types of armour.
You are amphibious.
You can wear up to eight rings at the same time.
Your skin changes colour to match your surroundings (Stealth+).
Your rubbery body absorbs attacks. (AC +1, EV +1)
((You are camouflaged when in or above water. (Stealth+)))
You have tentacles for arms and can constrict up to eight enemies at once.


Message History

You hit the goblin.
You squeeze the goblin, but do no damage.
The goblin is heavily wounded.
You constrict the goblin. The jackal closely misses you.
The jackal barely misses you. The goblin barely misses you.
The jackal barely misses you. The jackal bites you.
You hit the goblin but do no damage.
The goblin is severely wounded.
You constrict the goblin.
You kill the goblin!
The jackal barely misses you. The jackal bites you. x2
You are too injured to fight recklessly!
You are too injured to fight recklessly!
Unknown command.
The jackal bites you.
* * * LOW HITPOINT WARNING * * *
There is an open door here.
The jackal bites you but does no damage.
The jackal pauses to sniff the ground.
The jackal misses you.
It was a potion of attraction.
You feel attractive to monsters. The jackal bites you.
* * * LOW HITPOINT WARNING * * *
You hit the jackal but do no damage. Your grab misses the jackal.
You squeeze the jackal.
The jackal is lightly wounded.
The jackal bites you.
* * * LOW HITPOINT WARNING * * *
The jackal closely misses you.
You hit the jackal but do no damage. Your grab misses the jackal.
The jackal is lightly wounded.
The jackal closely misses you.
You hit the jackal. You grab the jackal. You squeeze the jackal.
You kill the jackal!
You barely miss the jackal. You grab the jackal. You squeeze the jackal.
The jackal is heavily wounded.
You constrict the jackal, but do no damage.
The jackal closely misses you. The jackal bites you.
You die...

####...#
#.?........
.......#
#..J.......
.......#
#..).......
.......# #..h..#
###....######'####
#...#......h..h#
#†..#.#####.##J# #
#...#.# ###.##h# #
#...#.# #...##@#
####'##.# #.####.#
.# #.##.# #......#
.###.##.# ########
.....##..
#.#..##############
#....##...........#
#..#.##.#########.#
......#.......(...#


You could see an endoplasm and 2 jackals.

Vanquished Creatures
  An endoplasm (D:1)
  2 giant cockroaches (D:1)
  A hobgoblin (D:1)
  A jackal (D:1)
  A quokka (D:1)
  2 ball pythons (D:1)
  A bat (D:1)
  A frilled lizard (D:1)
  4 goblins (D:1)
  2 kobolds (D:1)
  A rat (D:1)
17 creatures vanquished.

Notes
Turn   | Place    | Note
-------+----------+-------------------------------------------
     0 | D:1      | zeram the Octopode Wanderer began the quest for the Orb.
     0 | D:1      | zeram set off with the following items: a +0 dagger, a +0
                  | hat; and the following spells available to memorise: Sting,
                  | Apportation, Poisonous Vapours, Olgreb's Toxic Radiance,
                  | Gell's Gravitas
     0 | D:1      | Reached XP level 1. HP: 11/11 MP: 2/2
   141 | D:1      | Reached XP level 2. HP: 4/17 MP: 3/3
   747 | D:1      | Slain by a jackal

Illustrated notes

Levels and vault maps discovered:
D:1:      minmay_arrival_semitransparent, layout_basic,
          dreamdust_ecumenical_altar_hidden_monk_grotto

Action                   || total
-------------------------++-------
Melee: Dagger            ||    44
       Constrict         ||    15
       Tentacles         ||    12
       Punch             ||     1
  Use: Scroll            ||     1
       Potion            ||     1
 Stab: Sleeping          ||     1
Armor: Skin              ||     6
Dodge: Dodged            ||    41
